 Dungeon Crawl Stone Soup version 0.30-a0-272-gf98c3da03f (webtiles) character file.

Game seed: 1424009537659117748

72 tbh1313 the Shooter (level 4, -7/37 HPs)
             Began as a Minotaur Hunter on Oct 15, 2022.
             Succumbed to a scorpion's poison
             ... on level 2 of the Dungeon.
             The game lasted 00:03:24 (1794 turns).

tbh1313 the Shooter (Minotaur Hunter)               Turns: 1794, Time: 00:03:25

Health: -7/37      AC:  4    Str: 16    XL:     4   Next: 6%
Magic:  3/3        EV: 12    Int:  8    God:
Gold:   62         SH:  0    Dex: 13    Spells: 3/3 levels left

rFire   . . .      SeeInvis .    a - +0 shortbow
rCold   . . .      Faith    .    (shield currently unavailable)
rNeg    . . .      Spirit   .    c - +0 leather armour
rPois   .          Reflect  .    (helmet restricted)
rElec   .          Harm     .    (no cloak)
rCorr   +          Rampage  .    (no gloves)
Will    +....                    o - +0 pair of boots
Stlth   +.........               (no amulet)
HPRegen 0.26/turn                i - ring of willpower
MPRegen 0.08/turn                l - ring of resist corrosion

@: brilliant, lethally poisoned (-7 -> -44), flying
A: horns 2, retaliatory headbutt
a: no special abilities


You were on level 2 of the Dungeon.
You visited 1 branch of the dungeon, and saw 3 of its levels.

You collected 62 gold pieces.

Inventory:

Hand Weapons
 a - a +0 shortbow (weapon)
Armour
 c - a +0 leather armour (worn)
 o - a +0 pair of boots (worn)
Jewellery
 i - a ring of willpower (left hand)
 l - a ring of resist corrosion (right hand)
Scrolls
 b - 2 scrolls of immolation
 d - 2 scrolls of identify {unknown}
 f - a scroll of fear {unknown}
 g - a scroll of brand weapon {unknown}
 h - a scroll of noise {unknown}
 k - a scroll of fog {unknown}
 m - a scroll of enchant weapon {unknown}
 n - a scroll of summoning {unknown}


   Skills:
 - Level 2.4 Fighting
 + Level 6.2 Ranged Weapons
 - Level 2.1 Dodging
 - Level 0.7 Stealth


You had 3 spell levels left.
You didn't know any spells.
Your spell library was empty.

Dungeon Overview and Level Annotations

Branches:
Dungeon (3/15)

Altars:

Shops:
D:1 (   D:2 !


Innate Abilities, Weirdness & Mutations

You have a pair of horns on your head.
You reflexively headbutt those who attack you in melee.


Message History

The scorpion stings you.
You climb upwards.
There is a stone staircase leading down here.
You shoot an arrow. The arrow closely misses the scorpion.
The scorpion stings you.
You shoot an arrow. The arrow closely misses the scorpion.
The scorpion stings you. The scorpion misses you.
You shoot an arrow.
The arrow completely misses the scorpion.
The scorpion barely misses you.
You shoot an arrow. The arrow hits the scorpion.
The scorpion is severely wounded.
The scorpion stings you.
You shoot an arrow. The arrow barely misses the scorpion.
The scorpion stings you. x2
You are poisoned.
The scorpion poisons you!
You shoot an arrow. The arrow barely misses the scorpion.
You feel very sick. The scorpion stings you.
You shoot an arrow. The arrow hits the scorpion.
The scorpion is almost dead.
You feel sick. The scorpion stings you.
You are lethally poisoned!
The scorpion poisons you! The scorpion stings you.
* * * LOW HITPOINT WARNING * * *
You are more poisoned.
The scorpion poisons you!
It was a potion of flight.
You feel very buoyant.
You fly up into the air.
* * * LOW HITPOINT WARNING * * *
You feel extremely sick. The scorpion stings you.
* * * LOW HITPOINT WARNING * * *
You are more poisoned.
The scorpion poisons you!
It was a potion of brilliance.
You feel clever all of a sudden.
You die...

###.....# ##)##.# ##.#.#
..#####.###.....# #.#.# ..#
#.........# #.#.# ..#
#.........## #.#.# ..#
#......##..## #)#.#
..#####.#........<# #.#.#
........#######..## #.#.#
#.....##########s# #.#.#
................@# #.#.#
#.........#################.#.#
#.#.......# #..............#.#
..#.......# #.##############.#
#.#.......####.##############.##
..#............................#
#.#####........#################
#)### #..8...#.# #...#
#.....##.#


You could see a scorpion.

Levels and vault maps discovered:
D:1:      wander_arrival_peaceful_grave, layout_basic, serial_shops, shop,
          chequers_serial_rivers_micro_b, minmay_misc_feat_tower
D:2:      layout_basic, serial_undead, serial_undead_a, serial_undead_b,
          serial_undead_b, serial_undead_d, serial_undead_a, serial_undead_a,
          serial_shops, nicolae_shop_hallway_stairs
D:3:      layout_loops_ring, kennysheep_generic_room_16, uniq_sigmund,
          uniq_robin

Notes
Turn   | Place    | Note
-------+----------+-------------------------------------------
     0 | D:1      | tbh1313 the Minotaur Hunter began the quest for the Orb.
     0 | D:1      | Reached XP level 1. HP: 18/18 MP: 0/0
   424 | D:1      | Reached XP level 2. HP: 25/25 MP: 1/1
   465 | D:1      | Reached skill level 5 in Ranged Weapons
   902 | D:1      | Found Woxequz's Antique Weapon Boutique.
  1099 | D:2      | Found Kuumuit's Distillery.
  1282 | D:2      | Reached XP level 3. HP: 30/30 MP: 2/2
  1624 | D:2      | Reached skill level 6 in Ranged Weapons
  1682 | D:2      | Reached XP level 4. HP: 37/37 MP: 3/3
  1779 | D:3      | Noticed a scorpion
  1793 | D:2      | HP: 2/37 [poisoned by a scorpion]
  1794 | D:2      | Succumbed to a scorpion's poison

Table legend: (Time is in decaauts)
 A = Elapsed time spent in this place.
 B = Non-inter-level travel time spent in this place.
 C = Inter-level travel time spent in this place.
 D = Time resting spent in this place.
 E = Time spent auto-exploring this place.
 F = Levels seen in this place.
 G = Mean time per level.
                   A        B        C        D        E       F      G
               +--------+--------+--------+--------+--------+-----+--------+
         Total |   1832 |   1767 |     65 |     31 |   1473 |   3 |  610.7 |
       Dungeon |   1832 |   1767 |     65 |     31 |   1473 |   3 |  610.7 |
               +--------+--------+--------+--------+--------+-----+--------+

Top non-repeatable levels by time:
     D:1: 1055 daAuts
     D:2: 770 daAuts
     D:3: 6 daAuts

Table legend:
 A = Kills in this place as a percentage of kills in entire the game.
 B = Kills by you in this place as a percentage of kills by you in the entire game.
 C = Kills by friends in this place as a percentage of kills by friends in the entire game.
 D = Other kills in this place as a percentage of other kills in the entire game.
 E = Experience gained in this place as a percentage of experience gained in the entire game.
 F = Experience gained in this place divided by the number of levels of this place that you have seen.
                   A       B       C       D       E      F
               +-------+-------+-------+-------+-------+----------------------
         Total | 100.0 | 100.0 |   N/A |   N/A | 100.0 |  34.3
       Dungeon | 100.0 | 100.0 |   N/A |   N/A | 100.0 |  34.3
               +-------+-------+-------+-------+-------+----------------------

Action                   |  1- 3 |  4- 6 || total
-------------------------+-------+-------++-------
 Fire: Shortbow          |   132 |    13 ||   145
  Use: Potion            |       |     2 ||     2
Armor: Leather armour    |    20 |     1 ||    21
Dodge: Dodged            |    46 |     3 ||    49

Vanquished Creatures
  An adder (D:2)
  3 adder skeletons (D:2)
  An adder zombie (D:2)
  A worm (D:2)
  A dart slug (D:2)
  2 bat skeletons (D:2)
  2 bat zombies (D:2)
  2 giant cockroaches
  4 hobgoblins
  A quokka (D:2)
  6 ball pythons
  2 ball python zombies (D:2)
  3 bats
  2 frilled lizards (D:1)
  4 goblins (D:1)
  5 kobolds
  6 rats
46 creatures vanquished.
